 Dungeon Crawl Stone Soup version 0.24.0-2-g5b39cebb1c (webtiles) character file.

Game seed: 14913567601707510754, levelgen mode: deterministic

13819 MagicRalsei the Fighter (level 12, -16/102 HPs)
             Began as a Human Summoner on Oct 30, 2019.
             Was an Elder of Sif Muna.
             Shot with an arrow by a centaur warrior (26 damage)
             ... on level 11 of the Dungeon.
             The game lasted 00:53:19 (19449 turns).

MagicRalsei the Fighter (Human Summoner)           Turns: 19449, Time: 00:53:20

Health: -16/102    AC:  6    Str: 10    XL:     12   Next: 37%
Magic:  9/24       EV: 12    Int: 19    God:    Sif Muna [****..]
Gold:   468        SH:  0    Dex: 14    Spells: 9/27 levels left

rFire    . . .     SeeInvis .   B - +3 dagger (drain)
rCold    . . .     Gourm    .   (no shield)
rNeg     + . .     Faith    .   K - +2 robe {MR+}
rPois    +         Spirit   .   m - +1 helmet
rElec    .         Reflect  .   (no cloak)
rCorr    .         Harm     .   (no gloves)
MR       +....                  (no boots)
Stlth    ++........             (no amulet)
HPRegen  0.27/turn              b - ring of poison resistance
MPRegen  0.19/turn              P - ring of positive energy

@: about to teleport, very slightly contaminated, invisible (expiring)
A: no striking features
a: Channel Magic, Forget Spell, Divine Exegesis, Renounce Religion


You were on level 11 of the Dungeon.
You worshipped Sif Muna.
Sif Muna was greatly pleased with you.
You were very hungry.

You visited 2 branches of the dungeon, and saw 12 of its levels.
You also visited: Sewer and Gauntlet.

You collected 468 gold pieces.

Inventory:

Hand Weapons
 d - a +0 dagger
 h - a +3 glaive of flaming
 k - a +0 spear
 q - a +1 hand axe of distortion
 B - a +3 dagger of draining (weapon)
 F - a +0 dagger of venom
Missiles
 i - 8 boomerangs (quivered)
 J - a throwing net
Armour
 a - a +0 robe
 m - a +1 helmet (worn)
 K - a +2 robe of magic resistance (worn)
Jewellery
 b - a ring of poison resistance (left hand)
 y - an uncursed ring of flight
 P - a ring of positive energy (right hand)
Wands
 g - a wand of digging (4)
 j - a wand of random effects (17)
 v - a wand of iceblast (8)
Scrolls
 e - 2 scrolls of enchant weapon
 l - 3 scrolls of remove curse
 t - 2 scrolls of enchant armour {unknown}
 u - 2 scrolls of amnesia {unknown}
 z - 3 scrolls of fear {unknown}
 A - 2 scrolls of silence {unknown}
 C - 2 scrolls of noise {unknown}
 H - 4 scrolls of immolation {unknown}
 L - a scroll of random uselessness {unknown}
 N - a scroll of vulnerability {unknown}
 Q - a scroll of fog {unknown}
Potions
 f - a potion of flight
 n - a potion of resistance
 r - a potion of might
 w - 4 potions of brilliance
 D - a potion of mutation
 E - 2 potions of lignification
Comestibles
 c - 17 rations


   Skills:
 + Level 12.0 Fighting
 - Level 2.0 Dodging
 - Level 2.0 Stealth
 + Level 8.2 Spellcasting
 + Level 8.4 Summonings
 + Level 2.2 Ice Magic
 - Level 4.0 Air Magic
 + Level 8.5 Invocations


You had 9 spell levels left.
You knew the following spells:

 Your Spells              Type           Power        Failure   Level  Hunger
a - Blink                 Tloc           N/A          14%         2    None
b - Call Imp              Summ           #####...     1%          2    None
c - Call Canine Familiar  Summ           #####...     1%          3    None
d - Summon Lightning Spi  Summ/Air       ####....     7%          4    ###....
e - Summon Ice Beast      Ice/Summ       ####....     10%         4    ###....
f - Poisonous Vapours     Pois/Air       ###...       6%          2    None
g - Summon Small Mammal   Summ           ####         1%          1    None

Your spell library contained the following spells:

 Spells                   Type           Power        Failure   Level  Hunger
 Shock                    Conj/Air       ###.         4%          1    None
 Summon Guardian Golem    Hex/Summ       ###.....     4%          3    None
 Beastly Appendage        Tmut           #.....       9%          1    None
 Sting                    Conj/Pois      #...         9%          1    None
 Shroud of Golubria       Chrm/Tloc      #.....       14%         2    None
 Sticks to Snakes         Tmut           #.......     14%         2    None
 Mephitic Cloud           Conj/Pois/Air  ##......     16%         3    None
 Ozocubu's Armour         Chrm/Ice       ##......     17%         3    None
 Airstrike                Air            ###.......   17%         4    ###....
 Gell's Gravitas          Tloc           #.........   26%         3    None
 Lesser Beckoning         Tloc           #.........   26%         3    None
 Spider Form              Tmut/Pois      #.........   26%         3    None
 Teleport Other           Tloc           #.......     26%         3    None
 Ice Form                 Ice/Tmut       ##......     50%         4    ###....
 Olgreb's Toxic Radiance  Pois           #.......     65%         4    ###....
 Passage of Golubria      Tloc           N/A          65%         4    ###....
 Blade Hands              Tmut           #.........   94%         5    #####..
 Venom Bolt               Conj/Pois      #.........   94%         5    #####..
 Conjure Ball Lightning   Conj/Air       ###.......   99%         6    ######.


Dungeon Overview and Level Annotations

Branches:
Dungeon (11/15)            Temple (1/1) D:4            Lair (0/6) D:9
    Orc (0/2) D:10          Sewer (visited)         Gauntlet (visited)

Altars:
Ashenzari
Cheibriados
Dithmenos
Elyvilon
Fedhas
Gozag
Hepliaklqana
Kikubaaqudgha
Makhleb
Nemelex Xobeh
Okawaru
Qazlal
Ru
Sif Muna
Trog
Uskayaw
Vehumet
Wu Jian
Xom
Yredelemnul
Zin
The Shining One
Beogh

Shops:
D:8 *

Portals:
Trove: D:10 (give +2 ice dragon scales)

Annotations:
D:2 exclusion: adder
D:3 3 runed translucent doors, Howlingfantods's ghost, weakling MiFi
D:4 Eustachio


Message History

Unknown command.
Unknown command.
Okay, then.
Blink to where?
Press: ? - help, Dir - move target cursor, p - centaur warrior
As you read the scroll of blinking, it crumbles to dust.
Unknown command.
Something hits your ice beast but does no damage.
Unknown command.
Unknown command.
Okay, then.
Okay, then.
Your ice beast disappears in a puff of smoke!
You see here a great sword.
Okay, then.
As you read the scroll of teleportation, it crumbles to dust.
You feel strangely unstable.
You flicker for a moment.
The centaur warrior shoots an arrow.
The arrow hits you!!
You die...

############ #))(.(((.(..
#(########## ** #########
#########.##########
,###.......###..................#
,...........c..)................#
**##.###§..###.###.c.......#.##.#
#,##.###.∩..##....#.##..#.##.#
####.#.## ##....@....#.##..#.##.#
.......# #...##....#.##..#.#...
####...#* *#...###.#...##..#.#..(
#..#.**#.#..#,..........#.....
#..##...##...,###.###...#..... **
#.Y#*##.*#...#*,,#..##..#.cHy. ,*
#..# #,,#..##,,*,#..##...#... ,*
#..# ***,*,**,,**,*#.,##.(#... ,*
#.Y#**,*,*,*,,**,,,**,,#......


You could see a centaur warrior.

Vanquished Creatures
  An ugly thing (D:7)
  A queen bee (D:8)
  A yak (D:10)
  A water moccasin (D:8)
  3 centaurs
  A phantom (D:10)
  A wolf (D:10)
  A big kobold (D:8)
  2 bullfrogs
  A scorpion (D:5)
  8 killer bees
  A howler monkey (D:8)
  An electric eel (D:6)
  A crimson imp (D:4)
  A centaur zombie (D:8)
  3 hounds
  4 orc priests
  2 iguanas
  2 worker ants
  6 adders
  An adder skeleton (D:4)
  2 worms
  6 leopard geckos
  12 orcs
  4 bats
  4 giant cockroaches
  3 goblins
  A hobgoblin (D:1)
  A jackal (D:1)
  3 quokkas (D:5)
  2 ball pythons
  3 frilled lizards
  7 kobolds
  2 rats
93 creatures vanquished.

Vanquished Creatures (collateral kills)
  Harold (D:8)
  3 two-headed ogres
  Pikel (D:7)
  An ugly thing (D:8)
  Psyche (D:8)
  A gargoyle (D:10)
  A komodo dragon (D:9)
  2 hippogriffs
  3 yaks (D:10)
  Grum (D:10)
  4 orc warriors
  A black bear (D:7)
  3 phantoms
  2 sky beasts
  An ice beast (D:10)
  2 slaves (D:7)
  2 necrophages
  3 wolves (D:10)
  3 ogres
  9 centaurs
  2 big kobolds
  A gnoll sergeant (D:10)
  5 bullfrogs
  5 scorpions
  13 killer bees
  2 howler monkeys
  5 wights (D:10)
  4 crimson imps
  3 hounds
  2 jellies
  7 orc priests
  A centaur skeleton (D:9)
  4 worker ants
  3 iguanas
  9 orc wizards
  A hound zombie (D:8)
  5 gnolls (D:10)
  4 adders
  A river rat (D:6)
  2 shadow imps (D:7)
  An ooze (D:2)
  An adder skeleton (D:6)
  6 worms
  A dart slug (D:2)
  2 leopard geckos
  25 orcs
  2 ball pythons (Sewer)
  7 giant cockroaches
  4 goblins (D:1)
  4 hobgoblins
  7 jackals
  3 quokkas
  4 bats
  12 frilled lizards
  14 kobolds
  A quokka skeleton (D:5)
  2 rats
220 creatures vanquished.

Vanquished Creatures (others)
  A hippogriff (D:11)
  2 slaves (D:7)
  A bullfrog (D:11)
  An orc wizard (D:4)
  A worker ant (D:7)
  A plant (D:9)
7 creatures vanquished.

Grand Total: 320 creatures vanquished

Notes
Turn   | Place    | Note
-------+----------+-------------------------------------------
     0 | D:1      | MagicRalsei the Human Summoner began the quest for the Orb.
     0 | D:1      | Reached XP level 1. HP: 13/13 MP: 3/3
   442 | D:1      | Reached XP level 2. HP: 19/20 MP: 0/5
   542 | D:1      | Learned a level 2 spell: Call Imp
  1187 | D:1      | Reached XP level 3. HP: 23/25 MP: 1/6
  1192 | D:1      | Reached skill level 1 in Fighting
  1744 | D:2      | Learned a level 3 spell: Call Canine Familiar
  2156 | D:2      | Reached XP level 4. HP: 32/32 MP: 4/7
  2806 | D:3      | Found a runed translucent gate.
  2806 | D:3      | Found a runed translucent gate.
  2806 | D:3      | Found a runed translucent gate.
  2807 | D:3      | Noticed Howlingfantods's ghost (weakling MiFi)
  2812 | D:3      | Identified the +5 ring mail of the Locust {rPois MR+}
  2823 | D:3      | Found a roughly hewn altar of Beogh.
  3054 | D:3      | Reached skill level 5 in Summonings
  3579 | D:4      | Reached XP level 5. HP: 38/38 MP: 5/9
  3623 | D:4      | Found a staircase to the Ecumenical Temple.
  3630 | Temple   | Entered the Ecumenical Temple
  3740 | Temple   | Became a worshipper of Sif Muna the Loreminder
  3800 | D:4      | Reached skill level 2 in Fighting
  4397 | D:4      | Noticed Eustachio
  4489 | D:4      | Reached XP level 6. HP: 34/44 MP: 7/10
  5213 | D:4      | Reached XP level 7. HP: 25/51 MP: 6/12
  5489 | D:4      | Found a glowing golden altar of the Shining One.
  5723 | D:5      | Entered Level 5 of the Dungeon
  5723 | D:5      | Noticed a hippogriff
  5899 | D:5      | Reached skill level 3 in Fighting
  5940 | D:5      | Reached * piety under Sif Muna
  6231 | D:5      | Learned a level 4 spell: Summon Lightning Spire
  6728 | D:5      | Killed a hippogriff
  6728 | D:5      | Reached skill level 1 in Invocations
  6884 | D:5      | Reached skill level 1 in Air Magic
  7299 | D:5      | Reached XP level 8. HP: 51/60 MP: 5/14
  7848 | D:6      | Found a glowing drain.
  8071 | Sewer    | Entered a sewer
  9209 | D:6      | Reached ** piety under Sif Muna
  9209 | D:6      | Reached skill level 4 in Fighting
  9579 | D:6      | Found an ornate altar of the Wu Jian Council.
 10246 | D:6      | Found a bloodstained altar of Trog.
 11219 | D:7      | Reached XP level 9. HP: 55/66 MP: 13/16
 11397 | D:7      | Noticed a white ugly thing
 11583 | D:7      | Noticed Pikel
 11595 | D:7      | Killed Pikel
 11595 | D:7      | Reached skill level 5 in Fighting
 11595 | D:7      | Reached skill level 5 in Spellcasting
 11830 | D:7      | Killed a white ugly thing
 12997 | D:8      | Found Lugueji's Elemental Accessories.
 13146 | D:8      | Reached skill level 5 in Invocations
 13300 | D:8      | Noticed a green ugly thing
 13300 | D:8      | Found a glowing silver altar of Zin.
 13301 | D:8      | Noticed a queen bee
 13402 | D:8      | Killed a green ugly thing
 13402 | D:8      | Reached *** piety under Sif Muna
 13402 | D:8      | Reached skill level 6 in Fighting
 13402 | D:8      | Reached XP level 10. HP: 65/76 MP: 12/19
 13581 | D:8      | Found a hazy altar of Hepliaklqana.
 13635 | D:8      | Noticed Harold
 13647 | D:8      | Noticed a two-headed ogre
 13668 | D:8      | Noticed Psyche
 13669 | D:8      | Killed Harold
 13692 | D:8      | HP: 3/77 [killer bee (1)]
 14853 | D:8      | Reached skill level 7 in Fighting
 14895 | D:8      | Found a hide-covered altar of Uskayaw.
 14966 | D:8      | Killed Psyche
 15187 | D:8      | Killed a two-headed ogre
 16007 | D:9      | Found a staircase to the Lair.
 16008 | D:9      | Noticed a komodo dragon
 16065 | D:9      | Reached **** piety under Sif Muna
 16081 | D:9      | Killed a komodo dragon
 16702 | D:9      | Identified the Incunabulum of the Vacuum
 16863 | D:10     | Entered Level 10 of the Dungeon
 17284 | D:10     | Noticed Grum
 17287 | D:10     | Reached XP level 11. HP: 78/86 MP: 15/22
 17293 | D:10     | Killed Grum
 17293 | D:10     | Reached skill level 8 in Fighting
 17463 | D:10     | Learned a level 2 spell: Blink
 17466 | D:10     | Learned a level 2 spell: Poisonous Vapours
 17471 | D:10     | Noticed a two-headed ogre
 17482 | D:10     | Learned a level 4 spell: Summon Ice Beast
 17520 | D:10     | Found a staircase to the Orcish Mines.
 17585 | D:10     | Noticed a two-headed ogre
 17600 | D:10     | Killed a two-headed ogre
 17600 | D:10     | Reached skill level 1 in Ice Magic
 18497 | D:10     | Killed a two-headed ogre
 18634 | D:10     | Found a portal to a secret trove of treasure.
 18805 | D:11     | Noticed a cyclops
 18917 | D:11     | Found a gate leading to a gauntlet.
 18925 | Gauntlet | Entered a Gauntlet
 18925 | Gauntlet | Found a transporter.
 18925 | Gauntlet | Found a transporter.
 18925 | Gauntlet | Found a transporter.
 18925 | Gauntlet | Noticed an orb spider
 18931 | Gauntlet | an orb spider changed into a queen bee
 18935 | Gauntlet | Found a transporter.
 18938 | Gauntlet | Found a transporter.
 18946 | Gauntlet | Found a transporter.
 18949 | Gauntlet | Found a transporter.
 18951 | Gauntlet | Noticed a death yak
 18952 | Gauntlet | Noticed a death yak
 18953 | Gauntlet | Noticed a death yak
 18953 | Gauntlet | Noticed a necromancer
 18954 | Gauntlet | Noticed a death yak
 18958 | Gauntlet | Found a transporter.
 18972 | Gauntlet | Noticed a thrashing horror
 18975 | Gauntlet | Found a transporter.
 18981 | Gauntlet | Found a transporter.
 18983 | Gauntlet | Found a transporter.
 18994 | Gauntlet | Found a transporter.
 19047 | Gauntlet | Noticed a thrashing horror
 19199 | D:11     | Noticed a centaur warrior
 19417 | D:11     | Noticed a manticore
 19418 | D:11     | Identified the +5 chain mail of Gohoa {+Blink rElec rN+
                  | Str+6}
 19419 | D:11     | Identified the +6 hand axe of Qiodi {venom, Int+5}
 19419 | D:11     | Noticed a centaur warrior
 19427 | D:11     | Reached skill level 12 in Fighting
 19427 | D:11     | Reached XP level 12. HP: 10/102 MP: 8/24
 19430 | D:11     | HP: 4/102 [centaur warrior/arrow (17)]
 19449 | D:11     | Shot with an arrow by a centaur warrior

Levels and vault maps discovered:
D:1:      saegor_arrival_simple_d, layout_loops_cross
D:2:      layout_basic, st_stairs_11
D:3:      layout_basic, biasface_ghost_orc_armoury
D:4:      minmay_spotlight, layout_loops_ring, kennysheep_little_box,
          minmay_temple_entry_slanted, uniq_eustachio
D:5:      layout_layer_cave, first_ration, grunt_ministairs_11
D:6:      layout_loops_ring, kennysheep_mini_moat, kennysheep_mini,
          cheibrodos_sewer_entry_sluice, dk_noncrumbling_4, minmay_crystal_water
D:7:      minmay_cornered_nines, layout_rooms, uniq_pikel
D:8:      layout_loops_ring, old_standard_altar, lemuel_round_altar,
          lemuel_round_altar, david_nohive_1, nicolae_elemental_shop,
          uniq_psyche, uniq_harold
D:9:      layout_basic, david_lair_shrubbed
D:10:     layout_rooms, david_orc_2, nicolae_trove_entry_diagonal,
          dk_vineyard_2, uniq_grum
D:11:     minmay_the_grid_octo_triangle [minmay_the_grid_octo_clover,
          minmay_the_grid_octo_prize_star, minmay_the_grid_octo_clover_2],
          layout_loops_ring, gauntlet_entry_generic, uniq_sonja
Temple:   kb_temple_of_zot

Skill      XL: |  1  2  3  4  5  6  7  8  9 10 11 |
---------------+----------------------------------+-----
Fighting       | 1 2 3 4 6 7 12 | 12.0
Summonings     | 5 6 7 8 |  8.4
Spellcasting   | 3 4 6 7 8 |  8.2
Invocations    | 1 3 5 7 8 |  8.5
Air Magic      | 1 3 4 |  4.0
Ice Magic      | 2 |  2.2
Dodging        | |  2.0
Stealth        | |  2.0

Action                   |  1- 3 |  4- 6 |  7- 9 | 10-12 || total
-------------------------+-------+-------+-------+-------++-------
Melee: Dagger            |    21 |       |       |   251 ||   272
       Spear             |    70 |   128 |   363 |    23 ||   584
Throw: Boomerang         |     3 |       |       |       ||     3
 Cast: Summon Small Mamm |    14 |     2 |       |       ||    16
       Call Imp          |    20 |    18 |    27 |     5 ||    70
       Call Canine Famil |       |    21 |    55 |    42 ||   118
       Summon Lightning  |       |       |    25 |    37 ||    62
       Summon Ice Beast  |       |       |       |    14 ||    14
       Blink             |       |       |       |     1 ||     1
Evoke: Wand              |       |       |    10 |     4 ||    14
  Use: Scroll            |       |       |    13 |    10 ||    23
       Potion            |       |       |     1 |     7 ||     8
 Stab: Sleeping          |     5 |     3 |     4 |     3 ||    15
       Distracted        |     2 |     3 |     3 |     4 ||    12
       Paralysed         |       |       |    15 |       ||    15
  Eat: Chunk             |     5 |     9 |    23 |    15 ||    52
       Ration            |       |     1 |     4 |     3 ||     8
Armor: Robe              |    16 |    10 |    43 |    69 ||   138
Dodge: Dodged            |    53 |    48 |   217 |   256 ||   574
